 Dungeon Crawl Stone Soup version 0.18-a0-1577-gf591c28 (webtiles) character file.

87 namelastname112 the Chopper (level 4, -7/40 HPs)
             Began as a Draconian Berserker on Mar 19, 2016.
             Was a Priest of Trog.
             Mangled by an orc
             ... wielding a +1 whip of electrocution
              (20 damage)
             ... on level 3 of the Dungeon.
             The game lasted 00:01:52 (1608 turns).

namelastname112 the Chopper (Draconian Berserker)   Turns: 1608, Time: 00:01:52

Health: -7/40      AC:  6    Str: 20    XL:     4   Next: 28%
Magic:  4/4        EV: 13    Int:  7    God:    Trog [***...]
Gold:   25         SH:  0    Dex: 11    Spells: 0 memorised, 3 levels left

rFire  . . .     SeeInvis .     a - +0 hand axe
rCold  . . .     Gourm    .     (armour unavailable)
rNeg   . . .     Faith    .     (no shield)
rPois  .         Spirit   .     (helmet restricted)
rElec  .         Dismiss  .     (no cloak)
rCorr  .         Reflect  .     (no gloves)
SustAt .         Harm     .     c - +0 pair of boots
MR     .....                    (no amulet)
Stlth  +.........               (no ring)
                                (no ring)

@: not resistant to hostile enchantments, very unstealthy
A: unfitting armour, cold-blooded, AC +5
a: Berserk, Trog's Hand, Burn Spellbooks, Renounce Religion


You were on level 3 of the Dungeon.
You worshipped Trog.
Trog was most pleased with you.
You were hungry.

You visited 1 branch of the dungeon, and saw 3 of its levels.

You collected 25 gold pieces.

Inventory:

Hand Weapons
 a - a +0 hand axe (weapon)
Armour
 c - a +0 pair of boots (worn)
Scrolls
 d - 2 scrolls of teleportation {unknown}
 e - a scroll of fog {unknown}
 i - 3 scrolls of identify {unknown}
 k - a scroll of enchant weapon {unknown}
 m - 2 scrolls of amnesia {unknown}
 n - a scroll of immolation {unknown}
 o - a scroll of fear {unknown}
 p - 2 scrolls of noise {unknown}
Potions
 f - a potion of flight {unknown}
 g - a potion of resistance {unknown}
 h - a potion of lignification {unknown}
 l - a potion of magic {unknown}
Comestibles
 b - 3 bread rations
 j - a slice of pizza
 q - a beef jerky
 r - a chunk of flesh


   Skills:
 + Level 3.7 Fighting
 * Level 4.4 Axes
 + Level 3.3 Dodging


You had 3 spell levels left.
You didn't know any spells.

Dungeon Overview and Level Annotations

Branches:
Dungeon (3/15)

Altars:
Cheibriados
Vehumet


Innate Abilities, Weirdness & Mutations

Your plain brown scales are hard (AC +5).
Your body does not fit into most forms of armour.
You are cold-blooded and may be slowed by cold attacks.


Message History

The orc closely misses you.
You are feeling hungry.
You hit the orc.
The orc is heavily wounded.
The orc hits you but does no damage.
You hit the orc but do no damage.
You tail-slap the orc, but do no damage.
The orc is heavily wounded.
The orc hits you but does no damage.
You closely miss the orc.
The orc is heavily wounded.
The orc misses you.
You closely miss the orc.
The orc is heavily wounded.
The orc hits you but does no damage.
You are electrocuted!
You barely miss the orc.
The orc is heavily wounded.
The orc hits you but does no damage.
You are electrocuted!
Ouch! That really hurt!
You die...

#.# ...... #.# ...... #
#.# ...... .###.##......
###### #
.............##..... .#.
#...........##..... ...
#.o)<...(.#.##.....
#.##.@................
#.............###.....
#.#...........##..<...
#.............#.......
..##...............#.....
...............).#.......
...#............###......
................# ##.####
..............<## #.#


You could see an orc.

Vanquished Creatures
  An adder (D:3)
  An ooze (D:3)
  4 dart slugs
  A giant gecko (D:1)
  4 giant cockroaches
  7 goblins
  7 hobgoblins
  2 jackals (D:2)
  A quokka (D:2)
  A ball python (D:1)
  8 bats
  3 giant newts
  11 kobolds
  8 rats
59 creatures vanquished.

Notes
Turn   | Place    | Note
--------------------------------------------------------------
     0 | D:1      | namelastname112 the Draconian Berserker began the quest for the Orb.
     0 | D:1      | Reached XP level 1. HP: 19/19 MP: 1/1
   113 | D:1      | Reached XP level 2. HP: 21/26 MP: 2/2
   457 | D:1      | Reached XP level 3. HP: 28/31 MP: 3/3
   768 | D:1      | Reached ** piety under Trog
   884 | D:2      | Found a radiant altar of Vehumet.
   950 | D:2      | Found a faded altar to an unknown god.
   960 | D:2      | Reached skill level 4 in Axes
  1239 | D:2      | Found a snail-covered altar of Cheibriados.
  1489 | D:2      | Reached XP level 4. HP: 32/40 MP: 4/4
  1595 | D:3      | Reached *** piety under Trog
  1608 | D:3      | Mangled by an orc

Vault maps used:
D:1:      dpeg_arrival_round_c, st_stairs_14
D:2:      lemuel_round_altar, vehumet_crystals, ecumenical_altar_1
D:3:      lemuel_coloured_pillars_altar, first_bread

Skill      XL: |  1  2  3 |
---------------+----------+-----
Dodging        | 3 |  3.3
Axes           | 4 |  4.4
Fighting       | |  3.7

Action                   |  1- 3 |  4- 6 || total
-------------------------+-------+-------++-------
Melee: Hand axe          |   158 |    24 ||   182
 Stab: Sleeping          |     1 |       ||     1
  Eat: Chunk             |     2 |       ||     2
